AoeStats
← MinhAnh X Loma Sugar plazmafield

Black Forest

504823040Analyzed
1v1 RM · 24d ago on Sep 6, 2026· 74m 5s· 2 players
Game mode
Random Map
Map size
Tiny (2 player)
Population
200
Speed
Normal
Resources
Standard
Victory
Conquest
Starting age
Dark Age
Ending age
Imperial Age
RankedLock teamsTeams togetherTeam positionsShared explorationLock speedFull tech treeHidden civsTurbo modeCheats
Victory
Defeat
1086
+17
🇷🇺 Portuguese · Russia
1118
-17
MinhAnh X Loma Sugar plazmafield
10:32 Feudal Age
13:12 Double-Bit Axe
16:02 Castle Age
14:15 Horse Collar
16:55 Heavy Plow
16:46 Loom
17:47 Bow Saw
26:33 Wheelbarrow
30:25 Imperial Age
28:44 Pikeman
29:24 Squires
29:19 Fletching
30:36 Bodkin Arrow
30:44 Arson
32:10 Bracer
32:33 Yeomen
33:14 Padded Archer Armor
32:38 Halberdier
33:35 Forging
33:27 Scale Mail Armor
33:48 Elite Longbowman
34:57 Yeomen
35:12 Leather Archer Armor
36:03 Ballistics
36:44 Chemistry
36:44 Warwolf
36:11 Onager
39:00 Hand Cart
41:11 Ring Archer Armor
45:28 Iron Casting
45:12 Chain Mail Armor
57:05 Light Cavalry
57:46 Husbandry
69:52 Scale Barding Armor
70:48 Blast Furnace
74:45 Chain Barding Armor
14
10:51 Feudal Age
11:57 Double-Bit Axe
12:19 Loom
12:29 Gold Mining
17:55 Castle Age
17:26 Stone Mining
19:29 Stone Shaft Mining
26:38 Imperial Age
25:49 Murder Holes
28:19 Chemistry
31:58 Bow Saw
32:38 Wheelbarrow
32:52 Siege Engineers
34:07 Two-Man Saw
34:16 Hand Cart
33:49 Treadmill Crane
34:23 Arquebus
34:58 Fletching
35:23 Guilds
35:38 Town Watch
36:52 Conscription
35:53 Elite Organ Gun
36:55 Ballistics
36:34 Bodkin Arrow
37:20 Bracer
40:09 Fortified Wall
40:10 Masonry
45:51 Architecture
48:28 Bombard Tower
52:29 Town Patrol
Connection lost

Rejoining the realm…

Still unreachable

The connection could not be restored.

Session expired

The server has moved on; the page needs a fresh start.